AoeStats
← OK,OK

Arabia

509104613Analyzed
2v2 RM · 5d ago on Sep 25, 2026· 54m 37s· 4 players
Game mode
Random Map
Map size
Medium (4 player)
Population
200
Speed
Normal
Resources
Standard
Victory
Conquest
Starting age
Dark Age
Ending age
Imperial Age
RankedLock teamsTeams togetherTeam positionsShared explorationLock speedFull tech treeHidden civsTurbo modeCheats
Victory
Defeat
🇨🇳 Khitans · China
828
+14
🇮🇩 Mongols · Indonesia
775
+16
🇺🇸 Spanish · United States
828
-16
🇫🇷 Vikings · France
743
-14
Donald Trump
9:01 Feudal Age
9:53 Double-Bit Axe
17:00 Castle Age
17:12 Stone Mining
23:03 Horse Collar
24:01 Gold Mining
28:42 Loom
35:02 Imperial Age
34:00 Fortified Wall
34:02 Masonry
34:56 Gold Shaft Mining
35:41 Wheelbarrow
35:21 Light Cavalry
38:33 Chemistry
38:07 Ballistics
38:29 Hussar
39:17 Elite Mangudai
42:01 Padded Archer Armor
41:52 Fletching
43:56 Leather Archer Armor
44:26 Stone Shaft Mining
45:01 Bloodlines
45:07 Heavy Plow
45:24 Bodkin Arrow
46:11 Scale Barding Armor
46:17 Forging
50:44 Conscription
OK,OK
0:33 Loom
11:21 Feudal Age
11:51 Domestication
12:00 Double-Bit Axe
16:44 Forging
21:23 Castle Age
21:48 Scale Barding Armor
22:01 Light Cavalry
23:00 Bow Saw
27:26 Heavy Cavalry Archer
29:59 Fletching
30:07 Gold Mining
34:28 Imperial Age
31:58 Stone Mining
32:49 Pastoralism
33:13 Ballistics
33:24 Husbandry
33:24 Bodkin Arrow
35:03 Wheelbarrow
36:32 Chemistry
36:44 Parthian Tactics
41:32 Hussar
44:56 Conscription
45:20 Iron Casting
48:15 Hand Cart
48:10 Town Watch
48:52 Bracer
50:51 Scale Mail Armor
51:13 Chain Barding Armor
50:37 Elite Liao Dao
52:02 Chain Mail Armor
52:53 Lamellar Armor
53:05 Capped Ram
54:34 Plate Mail Armor
54:40 Plate Barding Armor
54:32 Town Patrol
55:33 Plate Barding Armor
herino.martin
5:51 Loom
10:16 Feudal Age
11:45 Gold Mining
11:42 Double-Bit Axe
11:41 Horse Collar
20:46 Castle Age
19:05 Stone Mining
19:43 Forging
19:24 Man-at-Arms
21:47 Heavy Plow
21:58 Bow Saw
22:25 Gold Shaft Mining
21:57 Long Swordsman
23:26 Pikeman
24:06 Squires
25:25 Iron Casting
24:51 Scale Mail Armor
35:11 Imperial Age
33:50 Chain Mail Armor
35:16 Elite Berserk
38:08 Elite Varangian Guard
40:03 Heavy Scorpion
40:16 Elite Skirmisher
42:15 Chieftains
43:56 Blast Furnace
43:28 Plate Mail Armor
45:20 Chemistry
49:20 Two-Man Saw
50:46 Padded Archer Armor
50:36 Fletching
Dio Brando
4:14 Loom
10:30 Feudal Age
16:49 Castle Age
19:39 Horse Collar
21:47 Double-Bit Axe
26:49 Heavy Plow
27:57 Fletching
29:19 Padded Archer Armor
29:39 Bloodlines
32:50 Leather Archer Armor
32:43 Husbandry
36:43 Imperial Age
39:04 Elite Conquistador
41:42 Wheelbarrow
42:11 Elite Skirmisher
42:51 Bodkin Arrow
43:27 Ring Archer Armor
43:28 Thumb Ring
44:07 Hand Cart
44:22 Bow Saw
45:35 Bracer
Connection lost

Rejoining the realm…

Still unreachable

The connection could not be restored.

Session expired

The server has moved on; the page needs a fresh start.